 Dungeon Crawl Stone Soup version 0.31-a0-303-gdc8c9485ea (webtiles) character file.

Game seed: 761546943839090253

216 RepHenryClay the Ducker (level 5, 0/44 HPs)
             Began as a Minotaur Shapeshifter on July 16, 2023.
             Slain by a mummy (1 damage)
             ... in an ossuary.
             The game lasted 00:02:42 (1437 turns).

RepHenryClay the Ducker (Minotaur Shapeshifter)     Turns: 1437, Time: 00:02:43

Health: 0/44       AC:  2    Str: 19    XL:     5   Next: 61%
Magic:  4/4        EV: 13    Int:  5    God:
Gold:   127        SH:  0    Dex: 13    Spells: 4/4 levels left

rFire   . .          .
                       - Unarmed
rCold   . . .        (no shield)
rNeg    . . .        a - +0 animal skin
rPois   .            (helmet currently unavailable)
rElec   .            (cloak currently unavailable)
rCorr   .            (gloves currently unavailable)
SInv    .            (boots currently unavailable)
Will    .....        (no amulet)
Stlth   +            (no ring)
HPRegen 0.27/turn    (no ring)
MPRegen 0.09/turn

%: no passive effects
@: beast-form
A: beast (slay +2), horns 2, retaliatory headbutt
a: Begin Untransformation


You were in an ossuary.
You were a hulking beast.
You visited 1 branch of the dungeon, and saw 3 of its levels.
You also visited: Ossuary.

You collected 127 gold pieces.

Inventory:

Hand Weapons
 j - a +1 heavy hand axe
Armour
 a - a +0 animal skin (worn)
Talismans
 c - a beast talisman
Scrolls
 f - 3 scrolls of identify
 g - 2 scrolls of noise
 m - a scroll of fog {unknown}
Potions
 b - 2 potions of lignification
 e - 2 potions of curing
 h - 3 potions of might {unknown}
 i - a potion of enlightenment {unknown}
 l - a potion of degeneration {unknown}
 n - a potion of haste {unknown}


   Skills:
 - Level 2.8 Fighting
 + Level 4.6 Dodging
 - Level 2.4 Unarmed Combat
 + Level 3.6 Shapeshifting


You had 4 spell levels left.
You didn't know any spells.
Your spell library contained the following spells:

 Spells                   Type           Power      Damage    Failure   Level
 Poisonous Vapours        Pois/Air       0%         N/A       63%         2
 Call Canine Familiar     Summ           0%         N/A       85%         3
 Mephitic Cloud           Conj/Pois/Air  0%         N/A       85%         3
 Portal Projectile        Hex/Tloc       0%         N/A       85%         3
 Leda's Liquefaction      Hex/Erth       0%         N/A       99%         4
 Freezing Cloud           Conj/Ice/Air   0%         6-21      100%        5


Dungeon Overview and Level Annotations

Branches:
Dungeon (4/15)            Ossuary (1/1)
 Temple: D:4-7

Altars:
Dithmenos


Innate Abilities, Weirdness & Mutations

You are a hulking beast.
Your limbs bulge with bestial killing power. (Slay +2)
You have a pair of horns on your head.
You reflexively headbutt those who attack you in melee.


Message History

You barely miss the gnoll zombie. You headbutt the gnoll zombie.
The gnoll zombie is almost destroyed.
The gnoll zombie misses you.
You hit the gnoll zombie.
You destroy the gnoll zombie! 2 mummies and 2 kobold zombies come into view.
A gnoll zombie comes into view.
The kobold zombie barely misses you. You furiously retaliate!
You headbutt the kobold zombie!
You destroy the kobold zombie!
You hit the mummy.
The mummy is moderately damaged.
You hit the mummy. You headbutt the mummy!
The mummy is almost destroyed.
The mummy hits you. The mummy hits you!
Huge Dmg: -48%(-21hp) hp: 41%(18hp)
You are too injured to fight recklessly!
You are too injured to fight recklessly!
You hit the mummy.
You destroy the mummy!
The mummy misses you. You furiously retaliate!
You headbutt the mummy, but do no damage.
A mummy comes into view.
The mummy misses you. You furiously retaliate!
You headbutt the mummy.
A mummy comes into view.
The mummy barely misses you. You furiously retaliate!
You headbutt the mummy. The hobgoblin zombie hits you.
The mummy closely misses you.
Damage: -7%(-3hp) hp: 41%(18hp)
The hobgoblin zombie hits you.
* * * LOW HITPOINT WARNING * * *
The mummy hits you!
* * * LOW HITPOINT WARNING * * *
Huge Dmg: -38%(-17hp) hp: 3%(1hp)
A mummy comes into view.
A gnoll zombie comes into view.
A mummy comes into view.
The mummy barely misses you. x2
The hobgoblin zombie hits you.
* * * LOW HITPOINT WARNING * * *
The mummy hits you.
You die...

##############
....Z..M.Mh..##
.M..####..Z...##
.. ##..##MMZ...#
...##....##Z....#
.........Z.M....#
..........M....##
.............##
#........##+#
#......##


You could see 6 mummies, a hobgoblin zombie, 2 gnoll zombies and a kobold
zombie.

Vanquished Creatures
  A phantom (D:2)
  An elf skeleton (D:4)
  Jessica (D:2)
  A mummy (Ossuary)
  3 ball pythons
  3 endoplasms
  3 giant cockroaches
  2 gnoll zombies (Ossuary)
  4 goblins
  2 hobgoblins (D:1)
  5 kobolds
  A quokka (D:2)
  5 bats
  2 frilled lizards
  A kobold zombie (Ossuary)
  An orc skeleton (D:4)
  3 rats
39 creatures vanquished.

Notes
Turn   | Place    | Note
-------+----------+-------------------------------------------
     0 | D:1      | RepHenryClay the Minotaur Shapeshifter began the quest for
                  | the Orb.
     0 | D:1      | Reached XP level 1. HP: 18/18 MP: 0/0
   186 | D:1      | Reached XP level 2. HP: 24/25 MP: 1/1
   991 | D:2      | Found a shadowy altar of Dithmenos.
  1031 | D:2      | Noticed a phantom
  1045 | D:2      | Killed a phantom
  1046 | D:2      | Reached skill level 3 in Dodging
  1046 | D:2      | Reached XP level 3. HP: 17/30 MP: 2/2
  1046 | D:2      | Reached XP level 4. HP: 21/37 MP: 3/3
  1146 | D:2      | Noticed Jessica
  1154 | D:2      | Killed Jessica
  1155 | D:2      | Reached skill level 4 in Dodging
  1310 | D:2      | You fall into a shaft and drop 2 floors!
  1326 | D:4      | Reached XP level 5. HP: 44/44 MP: 4/4
  1389 | D:4      | Found a sand-covered staircase.
  1395 | Ossuary  | Entered an ossuary
  1432 | Ossuary  | HP: 1/44 [mummy (15)]
  1437 | Ossuary  | HP: 1/44 [hobgoblin zombie (1)]
  1437 | Ossuary  | Slain by a mummy

Illustrated notes

Levels and vault maps discovered:
D:1:      dpeg_arrival_court, layout_loops_corners, minmay_pentomino_r4
D:2:      layout_rooms, basic_altar, minmay_splitting_lines,
          kennysheep_generic_room_15, uniq_jessica
D:4:      layout_basic, nicolae_ossuary_entry_catacombs, serial_rivers,
          chequers_serial_rivers_micro_e, chequers_serial_rivers_micro_e,
          chequers_serial_rivers_micro_c, chequers_serial_rivers_micro_b,
          minmay_lizard_king, uniq_eustachio
Ossuary:  ossuary_tomb_3

Skill      XL: |  1  2  3  4 |
---------------+-------------+-----
Dodging        | 3 4 |  4.6
Shapeshifting  | 3 |  3.6
Fighting       | |  2.8
Unarmed Combat | |  2.4

Action                     |  1- 3 |  4- 6 || total
---------------------------+-------+-------++-------
  Melee: Unarmed           |    50 |    39 ||    89
         Headbutt          |     9 |     8 ||    17
         Punch             |     2 |     1 ||     3
    Use: Scroll            |       |     4 ||     4
   Stab: Sleeping          |       |     1 ||     1
 Armour: Animal skin       |    12 |     3 ||    15
  Dodge: Dodged            |    28 |    29 ||    57

Table legend: (Time is in decaauts)
 A = Elapsed time spent in this place.
 B = Non-inter-level travel time spent in this place.
 C = Inter-level travel time spent in this place.
 D = Time resting spent in this place.
 E = Time spent auto-exploring this place.
 F = Levels seen in this place.
 G = Mean time per level.
                   A        B        C        D        E       F      G
               +--------+--------+--------+--------+--------+-----+--------+
         Total |   1432 |   1362 |     70 |      0 |   1127 |   4 |  358.0 |
       Dungeon |   1390 |   1320 |     70 |      0 |   1118 |   3 |  463.3 |
       Ossuary |     41 |     41 |      0 |      0 |      9 |   1 |   41.0 |
               +--------+--------+--------+--------+--------+-----+--------+

Top non-repeatable levels by time:
     D:1: 970 daAuts
     D:2: 336 daAuts
     D:4: 84 daAuts
 Ossuary: 41 daAuts
